 Dungeon Crawl Stone Soup version 0.30-a0-748-ge6a52f7cba (webtiles) character file.

Game seed: 14242804811264763926

146953 scionoferis the Marksdemigod (level 16, -21/128 HPs)
             Began as a Demigod Hexslinger on Feb 8, 2023.
             Killed from afar by Jorgrun (35 damage)
             ... with an iron shot
             ... on level 1 of the Orcish Mines.
             The game lasted 01:45:04 (25465 turns).

scionoferis the Marksdemigod (Demigod Hexslinger)  Turns: 25465, Time: 01:45:04

Health: -21/128    AC: 11    Str: 16    XL:     16   Next: 37%
Magic:  29/29      EV: 41    Int: 19    God:
Gold:   2187       SH:  5    Dex: 36    Spells: 19/27 levels left

rFire   + . .      SeeInvis +    b - +9 arbalest of Muvvoze {penet, Str+6}
rCold   + . .      Faith    .    (shield currently unavailable)
rNeg    + . .      Spirit   .    w - +2 robe {Will+}
rPois   .          Reflect  +    O - +2 helmet {SInv}
rElec   .          Harm     .    W - scarf {rC+ rF+}
rCorr   .          Rampage  .    v - +2 pair of gloves {Dex+3}
Will    ++...                    m - +0 pair of boots "Nyar" {rN+}
Stlth   +++++                    V - amulet of reflection
HPRegen 0.41/turn                G - +5 ring of evasion
MPRegen 0.21/turn                i - ring of Nalleos {EV+5 SInv}

@: no status effects
A: high MP 1, forlorn, divine attributes, clever 1
a: no special abilities


You were on level 1 of the Orcish Mines.
You visited 3 branches of the dungeon, and saw 22 of its levels.
You also visited: Gauntlet, Ice Cave and Volcano.

You collected 2739 gold pieces.
You spent 552 gold pieces at shops.


Innate Abilities, Weirdness & Mutations

You have an increased reservoir of magic. (+10% MP)
You shall have no god before yourself.
Your divine heritage dramatically boosts your attributes as you level up.
Your mind is acute. (Int +4, Str/Dex -1)


   Skills:
 + Level 8.1 Fighting
 - Level 0.3 Long Blades
 - Level 18.0 Ranged Weapons
 * Level 13.8 Dodging
 + Level 6.9 Stealth
 - Level 6.0 Spellcasting
 - Level 2.6 Hexes
 - Level 6.0 Translocations
 * Level 0.0 Transmutations
 - Level 4.0 Air Magic
 + Level 6.5 Evocations


You had 19 spell levels left.
You knew the following spells:

 Your Spells              Type           Power      Damage    Failure   Level
a - Slow                  Hex            60%        N/A       3%          1
b - Blink                 Tloc           56%        N/A       1%          2
c - Swiftness             Air            20%        N/A       6%          3
d - Wereblood             Tmut           5%         N/A       17%         2

Your spell library contained the following spells:

 Spells                   Type           Power      Damage    Failure   Level
 Lesser Beckoning         Tloc           56%        N/A       1%          2
 Shock                    Conj/Air       52%        1d6       4%          1
 Momentum Strike          Conj/Tloc      34%        3d8       4%          2
 Vhi's Electric Charge    Tloc/Air       48%        N/A       4%          3
 Portal Projectile        Hex/Tloc       44%        N/A       5%          3
 Foxfire                  Conj/Fire      20%        2x1d5     11%         1
 Magic Dart               Conj           20%        1d4       11%         1
 Call Imp                 Summ           5%         N/A       17%         2
 Searing Ray              Conj           10%        2d4       17%         2
 Sublimation of Blood     Necr           5%         N/A       17%         2
 Inner Flame              Hex/Fire       10%        N/A       19%         3
 Mephitic Cloud           Conj/Pois/Air  10%        N/A       21%         3
 Airstrike                Air            10%        2d(2-18)  22%         4
 Ignite Poison            Fire/Tmut/Pois 5%         N/A       32%         3
 Spider Form              Tmut/Pois      5%         N/A       32%         3
 Stone Arrow              Conj/Erth      10%        3d7       32%         3
 Cause Fear               Hex            7%         N/A       36%         4
 Fulminant Prism          Conj/Hex       5%         3d7       54%         4
 Leda's Liquefaction      Hex/Erth       5%         N/A       54%         4
 Olgreb's Toxic Radiance  Pois           5%         N/A       73%         4
 Petrify                  Tmut/Erth      5%         N/A       73%         4
 Sticky Flame             Conj/Fire      5%         2d3       73%         4
 Arcjolt                  Conj/Air       6%         1d16      80%         5
 Alistair's Intoxication  Tmut/Pois      3%         N/A       97%         5
 Fireball                 Conj/Fire      2%         3d4       97%         5
 Lee's Rapid Deconstruct  Erth           2%         3d5*      97%         5
 Starburst                Conj/Fire      2%         6d3       100%        6
 Statue Form              Tmut/Erth      3%         N/A       100%        6
 Ozocubu's Refrigeration  Ice            2%         4d8       100%        7
 Summon Hydra             Summ           2%         N/A       100%        7
 Discord                  Hex            7%         N/A       100%        8
 Ignition                 Fire           2%         3d3       100%        8
 Maxwell's Capacitive Co  Air            10%        ∞         100%        8

Inventory:

Hand Weapons
 b - the +9 arbalest of Muvvoze (weapon) {penet, Str+6}
   (You found it on level 2 of the Dungeon)

   Str:       It affects your strength (+6).
Missiles
 g - 2 curare-tipped darts
 I - 4 javelins
 P - 5 boomerangs of dispersal
Armour
 c - a +2 robe of resistance
   (You found it in an ice cave)
 m - the +0 pair of boots "Nyar" (worn) {rN+}
   (You found it in a Gauntlet)

   rN:        It protects you from negative energy.
 v - a +2 pair of gloves of dexterity (worn)
   (You found it in an ice cave)
 w - a +2 robe of willpower (worn)
   (You took it off an orc sorcerer on level 2 of the Orcish Mines)
 y - a +0 leather armour of poison resistance
   (You took it off Duvessa on level 5 of the Dungeon)
 O - a +2 helmet of see invisible (worn)
   (You bought it in a shop on level 4 of the Dungeon)
 W - a scarf of resistance (worn)
   (You found it on level 12 of the Dungeon)
Jewellery
 a - a ring of flight
   (You found it on level 6 of the Dungeon)
 h - a ring of positive energy
   (You found it on level 14 of the Dungeon)
 i - the ring of Nalleos (right hand) {EV+5 SInv}
   (You found it on level 3 of the Lair of Beasts)

   [ring of evasion]

   EV:        It affects your evasion (+5).
   SInv:      It lets you see invisible.
 s - a ring of fire
   (You found it on level 14 of the Dungeon)
 x - a ring of poison resistance
   (You found it on level 15 of the Dungeon)
 B - the ring "Lomnocergh" {rElec rF+++ Str+4 Dex-4 SInv}
   (You found it in a Gauntlet)

   [ring of see invisible]

   Str:       It affects your strength (+4).
   Dex:       It affects your dexterity (-4).
   rF:        It renders you almost immune to fire.
   rElec:     It insulates you from electricity.
   SInv:      It lets you see invisible.
 G - a +5 ring of evasion (left hand)
   (You took it off a minotaur in a Gauntlet)
 Q - a ring of magical power
   (You found it on level 15 of the Dungeon)
 V - an amulet of reflection (around neck)
   (You found it on level 12 of the Dungeon)
Wands
 C - a wand of mindburst (7)
   (You found it on level 15 of the Dungeon)
 E - a wand of iceblast (7)
   (You bought it in a shop on level 4 of the Dungeon)
 H - a wand of charming (4)
   (You took it off a centaur on level 9 of the Dungeon)
 M - a wand of flame (40)
   (You found it on level 9 of the Dungeon)
 U - a wand of acid (4)
   (You found it in a volcano)
Scrolls
 d - 2 scrolls of immolation
 j - 11 scrolls of teleportation
 n - 9 scrolls of poison
 o - 6 scrolls of fog
 p - a scroll of silence
 q - 4 scrolls of fear
 D - a scroll of torment {unknown}
 K - a scroll of butterflies
 L - 3 scrolls of magic mapping
 Z - a scroll of blinking
Potions
 e - 5 potions of haste
 k - a potion of cancellation
 r - 3 potions of mutation
 t - 3 potions of ambrosia
 u - 5 potions of flight
 z - 4 potions of resistance
 A - a potion of brilliance
 J - 6 potions of curing
 N - 3 potions of heal wounds
 R - 2 potions of lignification
Miscellaneous
 f - a phial of floods
   (You found it on level 12 of the Dungeon)
 l - a phantom mirror (inert)
   (You found it in an ice cave)

Dungeon Overview and Level Annotations

Branches:
Dungeon (15/15)            Temple (0/1) D:5            Lair (5/5) D:8
  Swamp (0/4) Lair:3        Snake (0/4) Lair:3        Slime (0/5) Lair:4
    Orc (2/2) D:12            Elf (0/3) Orc:2        Vaults (0/5) D:13
 Depths (0/4) D:15          IceCv (visited)         Volcano (visited)
Gauntlet (visited)

Shops:
D:4 [(*   D:6 *   D:7 :   Orc:1 *   Orc:2 *([:

Portals:
Trove: D:15 (give +3 fire dragon scales)

Annotations:
Orc:1 Jorgrun

##.....##.####
##..........#
##...........##
##.............#
#..............#
#.............##
#.#...#........##
#..#.#....$.....#
#...∩.....@....####
##..#.#.....g......##
##..#...#............#
#.....................
##.#..................
#...................#.
##.............#....
##.......#...###...(
#............##...#.


You could see Jorgrun (caught).


Message History

Press: ? - help, Q - select action, (/) - cycle Shift-Dir - straight line, f/p - ettin
Aim: an ettin, wielding a +0 dire flail of holy wrath and a +0 great mace (moderately wounded, 90% to hit)
You shoot a bolt. The bolt pierces through the ettin!!
The ettin is severely wounded.
Fire: b) +9 arbalest of Muvvoze {penet, Str+6}
Press: ? - help, Q - select action, (/) - cycle Shift-Dir - straight line, f/p - ettin
Aim: an ettin, wielding a +0 dire flail of holy wrath and a +0 great mace (severely wounded, 90% to hit)
You shoot a bolt. The bolt barely misses the ettin.
The ettin misses you. x2
Fire: b) +9 arbalest of Muvvoze {penet, Str+6}
Press: ? - help, Q - select action, (/) - cycle Shift-Dir - straight line, f/p - ettin
Aim: an ettin, wielding a +0 dire flail of holy wrath and a +0 great mace (severely wounded, 90% to hit)
You shoot a bolt. The bolt completely misses the ettin.
The ettin closely misses you. The ettin completely misses you.
Fire: b) +9 arbalest of Muvvoze {penet, Str+6}
Press: ? - help, Q - select action, (/) - cycle Shift-Dir - straight line, f/p - ettin
Aim: an ettin, wielding a +0 dire flail of holy wrath and a +0 great mace (severely wounded, 90% to hit)
You shoot a bolt.
The bolt pierces through the ettin but does no damage.
The ettin is severely wounded.
The ettin completely misses you. The ettin closely misses you.
Fire: b) +9 arbalest of Muvvoze {penet, Str+6}
Press: ? - help, Q - select action, (/) - cycle Shift-Dir - straight line, f/p - ettin
Aim: an ettin, wielding a +0 dire flail of holy wrath and a +0 great mace (severely wounded, 90% to hit)
You shoot a bolt. The bolt pierces through the ettin!!
The ettin is almost dead.
The ettin completely misses you.
The ettin hits you with a +0 great mace.
Fire: b) +9 arbalest of Muvvoze {penet, Str+6}
Press: ? - help, Q - select action, (/) - cycle Shift-Dir - straight line, f/p - ettin
Aim: an ettin, wielding a +0 dire flail of holy wrath and a +0 great mace (almost dead, 90% to hit)
You shoot a bolt. The bolt pierces through the ettin!!!
You kill the ettin!
HP restored.
Things that are here:
a +0 dire flail of holy wrath; a +0 great mace; an ettin corpse
Found a book of Air.
Found a staircase to the Depths.
x - a ring of poison resistance
A - a potion of brilliance A wizard and a fire dragon come into view.
Found 5 silver javelins.
Fire: b) +9 arbalest of Muvvoze {penet, Str+6}
Press: ? - help, Q - select action, (/) - cycle Shift-Dir - straight line, f - wizard
Aim: a wizard, wielding a +0 dagger and wearing a +0 robe (asleep, 98% to hit)
You shoot a bolt. The bolt pierces through the wizard!!
The wizard shouts!
The wizard is severely wounded.
The fire dragon roars deafeningly!
You hear a horrible gurgling sound!
A tengu warrior comes into view.
It is wielding a +1 war axe and wearing a +1 buckler of resistance.
You hear a shout! x2
Fire: b) +9 arbalest of Muvvoze {penet, Str+6}
Press: ? - help, Q - select action, (/) - cycle Shift-Dir - straight line, f - fire dragon, p - wizard
Aim: a fire dragon (82% to hit)
You shoot a bolt. The bolt closely misses the wizard.
The bolt pierces through the fire dragon!!!
The fire dragon is heavily wounded.
The wizard casts a spell.
The wizard flickers and vanishes for a moment.
Fire: b) +9 arbalest of Muvvoze {penet, Str+6}
Press: ? - help, Q - select action, (/) - cycle Shift-Dir - straight line, f/p - fire dragon
Aim: a fire dragon (heavily wounded, 82% to hit)
You shoot a bolt. The bolt pierces through the wizard!!
You kill the wizard!
The bolt pierces through the fire dragon.
The fire dragon is heavily wounded.
Fire: b) +9 arbalest of Muvvoze {penet, Str+6}
Press: ? - help, Q - select action, (/) - cycle Shift-Dir - straight line, f/p - fire dragon
Aim: a fire dragon (heavily wounded, 82% to hit)
You shoot a bolt.
The bolt pierces through the fire dragon!!!
You kill the fire dragon!
Fire: b) +9 arbalest of Muvvoze {penet, Str+6}
Press: ? - help, Q - select action, (/) - cycle Shift-Dir - straight line, f - tengu warrior
Aim: a tengu warrior, wielding a +1 war axe, wearing a +0 ring mail and wearing a +1 buckler of resistance (68% to hit)
You shoot a bolt.
The bolt pierces through the tengu warrior!!
The tengu warrior is heavily wounded.
A boggart comes into view.
Fire: b) +9 arbalest of Muvvoze {penet, Str+6}
Press: ? - help, Q - select action, (/) - cycle Shift-Dir - straight line, f/p - tengu warrior
Aim: a tengu warrior, wielding a +1 war axe, wearing a +0 ring mail and wearing a +1 buckler of resistance (heavily wounded, 68% to hit)
Okay, then.
A centaur warrior comes into view.
Fire: b) +9 arbalest of Muvvoze {penet, Str+6}
Press: ? - help, Q - select action, (/) - cycle Shift-Dir - straight line, f - centaur warrior, p - tengu warrior
Aim: a centaur warrior (wandering, hasn't noticed you, 82% to hit)
You shoot a bolt. The centaur warrior shouts!
The bolt pierces through the tengu warrior!!
The tengu warrior is almost dead.
The bolt pierces through the centaur warrior!
The centaur warrior is moderately wounded.
You hear a horrible gurgling sound!
You hear a shout!
Fire: b) +9 arbalest of Muvvoze {penet, Str+6}
Press: ? - help, Q - select action, (/) - cycle Shift-Dir - straight line, f/p - centaur warrior
Aim: a centaur warrior (moderately wounded, 82% to hit)
You shoot a bolt.
The bolt pierces through the tengu warrior!!
You kill the tengu warrior!
The bolt pierces through the centaur warrior!!
The centaur warrior is almost dead.
The centaur warrior wields a +0 shortbow.
The centaur warrior shoots an arrow.
You reflect the arrow off an invisible shield around you!
The arrow closely misses the centaur warrior.
Fire: b) +9 arbalest of Muvvoze {penet, Str+6}
Press: ? - help, Q - select action, (/) - cycle Shift-Dir - straight line, f/p - centaur warrior
Aim: a centaur warrior, wielding a +0 shortbow (almost dead, 82% to hit)
You shoot a bolt.
The bolt pierces through the centaur warrior!
You kill the centaur warrior!
You hear a shout!
A tengu warrior comes into view. It is wielding a +3 great sword.
The boggart gestures wildly while chanting.
Fire: b) +9 arbalest of Muvvoze {penet, Str+6}
Press: ? - help, Q - select action, (/) - cycle Shift-Dir - straight line, f - boggart
Aim: a boggart (75% to hit)
You shoot a bolt.
The bolt pierces through the slime creature!
The slime creature is moderately wounded.
The bolt pierces through the boggart!!
You kill the boggart!
The slime creature dissolves into shadows!
The slime creature dissolves into shadows! x4
A green ugly thing comes into view.
A meliai comes into view. It is wielding a +0 hand axe.
Fire: b) +9 arbalest of Muvvoze {penet, Str+6}
Press: ? - help, Q - select action, (/) - cycle Shift-Dir - straight line, f - meliai
Aim: a meliai, wielding a +0 hand axe and wearing a +0 leather armour (71% to hit)
You shoot a bolt.
The bolt closely misses the tengu warrior.
The bolt pierces through the meliai.
The meliai is lightly wounded.
The meliai invokes the aid of its god against you.
Something smites you!
Fire: b) +9 arbalest of Muvvoze {penet, Str+6}
Press: ? - help, Q - select action, (/) - cycle Shift-Dir - straight line, f/p - meliai
Aim: a meliai, wielding a +0 hand axe and wearing a +0 leather armour (lightly wounded, 71% to hit)
You shoot a bolt.
The bolt pierces through the green ugly thing!
The green ugly thing is lightly wounded.
The bolt pierces through the tengu warrior!!
The tengu warrior is heavily wounded.
The bolt pierces through the meliai!!
You kill the meliai!
Fire: b) +9 arbalest of Muvvoze {penet, Str+6}
Press: ? - help, Q - select action, (/) - cycle Shift-Dir - straight line, f - green ugly thing
Aim: a green ugly thing (lightly wounded, 79% to hit)
You shoot a bolt.
The bolt pierces through the green ugly thing!!!
The green ugly thing is severely wounded.
The bolt pierces through the tengu warrior!
The tengu warrior is severely wounded.
Fire: b) +9 arbalest of Muvvoze {penet, Str+6}
Press: ? - help, Q - select action, (/) - cycle Shift-Dir - straight line, f/p - green ugly thing
Aim: a green ugly thing (severely wounded, 79% to hit)
You shoot a bolt.
The bolt pierces through the green ugly thing!
The green ugly thing is almost dead.
The bolt closely misses the tengu warrior.
The green ugly thing gores you.
Fire: b) +9 arbalest of Muvvoze {penet, Str+6}
Press: ? - help, Q - select action, (/) - cycle Shift-Dir - straight line, f/p - green ugly thing
Aim: a green ugly thing (almost dead, 79% to hit)
You shoot a bolt.
The bolt pierces through the green ugly thing!!
You kill the green ugly thing!
The bolt pierces through the tengu warrior!!
You kill the tengu warrior!
Your Evocations skill increases to level 6!
You start resting.
HP restored.
Found a book of Air.
A deep elf pyromancer comes into view. It is wielding a +0 rapier.
You shoot a bolt.
The bolt pierces through the deep elf pyromancer!!
The deep elf pyromancer shouts!
The deep elf pyromancer is heavily wounded.
The deep elf pyromancer mumbles some strange words.
You shoot a bolt.
The bolt pierces through the deep elf pyromancer.
The deep elf pyromancer is heavily wounded.
You shoot a bolt.
The bolt pierces through the deep elf pyromancer!!
You kill the deep elf pyromancer!
The fire elemental disappears in a puff of smoke!
Things that are here:
a +0 rapier; an elf corpse You open the door.
There is an open door here.
You open the door.
There is an open door here.
There is an open door here.
Things that are here:
a +3 great sword; a +0 ring mail
Items here: ) [[ †.
Found 7 stones.
Items here: ) [[ †.
Okay, then.
You open the door.
There is an open door here.
C - a wand of mindburst (7)
A meliai comes into view. It is wielding a +0 hand axe.
You shoot a bolt. The meliai buzzes angrily.
The bolt pierces through the meliai!
The meliai is severely wounded.
The meliai calls down the wrath of its god upon you.
Something smites you!
You shoot a bolt. The bolt pierces through the meliai!
You kill the meliai!
A death knight and a freezing wraith come into view.
You shoot a bolt.
The bolt pierces through the freezing wraith!!
The freezing wraith is almost destroyed.
The death knight shouts!
A wraith comes into view.
Fire: b) +9 arbalest of Muvvoze {penet, Str+6}
Press: ? - help, Q - select action, (/) - cycle Shift-Dir - straight line, f - death knight, p - freezing wraith
Aim: a death knight, wielding a +0 glaive and wearing a +0 chain mail (79% to hit)
You shoot a bolt.
The bolt pierces through the death knight but does no damage.
A freezing wraith comes into view.
The death knight invokes the aid of Yredelemnul against you.
You resist with almost no effort.
There is an open door here.
Fire: b) +9 arbalest of Muvvoze {penet, Str+6}
Press: ? - help, Q - select action, (/) - cycle Shift-Dir - straight line, f/p - death knight
Aim: a death knight, wielding a +0 glaive and wearing a +0 chain mail (79% to hit)
You shoot a bolt. The bolt pierces through the wraith!!!
You destroy the wraith!
The bolt pierces through the death knight!!
The death knight is moderately wounded.
Fire: b) +9 arbalest of Muvvoze {penet, Str+6}
Press: ? - help, Q - select action, (/) - cycle Shift-Dir - straight line, f/p - death knight
Aim: a death knight, wielding a +0 glaive and wearing a +0 chain mail (moderately wounded, 79% to hit)
You shoot a bolt.
The bolt pierces through the death knight!!!
The death knight is almost dead.
Fire: b) +9 arbalest of Muvvoze {penet, Str+6}
Press: ? - help, Q - select action, (/) - cycle Shift-Dir - straight line, f/p - death knight
Aim: a death knight, wielding a +0 glaive and wearing a +0 chain mail (almost dead, 79% to hit)
You shoot a bolt.
The bolt closely misses the freezing wraith.
The bolt completely misses the death knight.
Fire: b) +9 arbalest of Muvvoze {penet, Str+6}
Press: ? - help, Q - select action, (/) - cycle Shift-Dir - straight line, f/p - death knight
Aim: a death knight, wielding a +0 glaive and wearing a +0 chain mail (almost dead, 79% to hit)
Okay, then.
Fire: b) +9 arbalest of Muvvoze {penet, Str+6}
Press: ? - help, Q - select action, (/) - cycle Shift-Dir - straight line, f/p - death knight
Aim: a death knight, wielding a +0 glaive and wearing a +0 chain mail (almost dead, 79% to hit)
You shoot a bolt.
The bolt pierces through the freezing wraith but does no damage.
The freezing wraith is severely damaged.
The bolt pierces through the death knight!!
You kill the death knight!
The freezing wraith completely misses you. x2
Training target 6.0 for Spellcasting reached!
Your Spellcasting skill increases to level 6!
Fire: b) +9 arbalest of Muvvoze {penet, Str+6}
Press: ? - help, Q - select action, (/) - cycle Shift-Dir - straight line, f - freezing wraith
Aim: a freezing wraith (severely damaged, 79% to hit)
You shoot a bolt.
The bolt barely misses the freezing wraith.
The freezing wraith misses you.
The freezing wraith completely misses you.
Fire: b) +9 arbalest of Muvvoze {penet, Str+6}
Press: ? - help, Q - select action, (/) - cycle Shift-Dir - straight line, f/p - freezing wraith
Aim: a freezing wraith (severely damaged, 79% to hit)
You shoot a bolt.
The bolt pierces through the freezing wraith!!
You destroy the freezing wraith!
Fire: b) +9 arbalest of Muvvoze {penet, Str+6}
Press: ? - help, Q - select action, (/) - cycle Shift-Dir - straight line, f - freezing wraith
Aim: a freezing wraith (79% to hit)
You shoot a bolt.
The bolt pierces through the freezing wraith but does no damage.
You shoot a bolt.
The bolt pierces through the freezing wraith.
The freezing wraith is lightly damaged.
You shoot a bolt.
The bolt barely misses the freezing wraith.
You shoot a bolt.
The bolt pierces through the freezing wraith!!
The freezing wraith is heavily damaged.
You shoot a bolt.
The bolt pierces through the freezing wraith!
The freezing wraith is severely damaged.
You shoot a bolt.
The bolt closely misses the freezing wraith.
The freezing wraith completely misses you.
The freezing wraith hits you but does no damage.
You shoot a bolt.
The bolt pierces through the freezing wraith!!
You destroy the freezing wraith!
There is an open door here.
There is a stone staircase leading up here.
A merfolk comes into view.
A merfolk is nearby!
You shoot a bolt. The bolt barely misses the merfolk.
The merfolk shouts!
You shoot a bolt. The bolt closely misses the merfolk.
You shoot a bolt. The bolt pierces through the merfolk!
The merfolk is moderately wounded.
You shoot a bolt. The bolt pierces through the merfolk!!
The merfolk is severely wounded.
No target in view!
A merfolk is nearby!
You shoot a bolt. The bolt pierces through the merfolk!!!
You kill the merfolk!
The merfolk's shape twists and changes as it dies.
Found 2 poisoned darts.
A basilisk comes into view.
You shoot a bolt. The bolt pierces through the basilisk!
The basilisk hisses angrily.
The basilisk is moderately wounded.
You hear a shout!
The basilisk hisses menacingly.
Agnes the Wanderer comes into view.
She is wielding a +2 lajatang of electrocution and wearing a +2 robe of willpower.
You shoot a bolt.
The bolt pierces through the basilisk but does no damage.
The basilisk is moderately wounded.
The bolt pierces through Agnes!
Agnes is lightly wounded.
The basilisk attacks as you move away! The basilisk closely misses you.
Fire: b) +9 arbalest of Muvvoze {penet, Str+6}
Press: ? - help, Q - select action, (/) - cycle Shift-Dir - straight line, f - Agnes, p - basilisk
Aim: Agnes, wielding a +2 lajatang of electrocution and wearing a +2 robe of willpower (lightly wounded, 60% to hit)
Okay, then.
Unknown command.
Okay, then.
Unknown command.
Fire: b) +9 arbalest of Muvvoze {penet, Str+6}
Press: ? - help, Q - select action, (/) - cycle Shift-Dir - straight line, f/p - basilisk
Aim: a basilisk (moderately wounded, 75% to hit)
You shoot a bolt. The bolt pierces through the basilisk!!
You kill the basilisk!
The basilisk's shape twists and changes as it dies.
The bolt pierces through Agnes!!
Agnes is moderately wounded.
Agnes hits you with a +2 lajatang of electrocution!
Aiming: Phantom Mirror
Press: ? - help, Dir - move target, f - Agnes
Aim: Agnes, wielding a +2 lajatang of electrocution and wearing a +2 robe of willpower (moderately wounded)
You reflect Agnes with the mirror!
The mirror clouds!
Agnes barely misses Agnes.
Agnes barely misses you.
Agnes closely misses Agnes.
Agnes misses you.
Fire: b) +9 arbalest of Muvvoze {penet, Str+6}
Press: ? - help, Q - select action, (/) - cycle Shift-Dir - straight line, f/p - Agnes
Aim: Agnes, wielding a +2 lajatang of electrocution and wearing a +2 robe of willpower (moderately wounded, ally target, 60% to hit)
You shoot a bolt. The bolt completely misses Agnes.
Agnes hits Agnes with a +2 lajatang of electrocution!
Agnes hits you with a +2 lajatang of electrocution!!!
Agnes hits Agnes with a +2 lajatang of electrocution!
Agnes hits you with a +2 lajatang of electrocution.
Fire: b) +9 arbalest of Muvvoze {penet, Str+6}
Press: ? - help, Q - select action, (/) - cycle Shift-Dir - straight line, f/p - Agnes
Aim: Agnes, wielding a +2 lajatang of electrocution and wearing a +2 robe of willpower (heavily wounded, ally target, 60% to hit)
You shoot a bolt. The bolt pierces through Agnes!
Agnes is severely wounded.
Agnes hits you with a +2 lajatang of electrocution!
Agnes hits Agnes with a +2 lajatang of electrocution!!
Fire: b) +9 arbalest of Muvvoze {penet, Str+6}
Press: ? - help, Q - select action, (/) - cycle Shift-Dir - straight line, f/p - Agnes
Aim: Agnes, wielding a +2 lajatang of electrocution and wearing a +2 robe of willpower (almost dead, ally target, 60% to hit)
You shoot a bolt. The bolt pierces through Agnes!!
You kill Agnes!
Training target 6.0 for Translocations reached!
Your Translocations skill increases to level 6!
You swap places.
Items here: ) [ ††.
Okay, then.
You start resting.
Agnes shimmers and vanishes!
A wizard comes into view. It is wielding a +0 dagger.
Fire: b) +9 arbalest of Muvvoze {penet, Str+6}
Press: ? - help, Q - select action, (/) - cycle Shift-Dir - straight line, f - wizard
Aim: a wizard, wielding a +0 dagger and wearing a +0 robe (wandering, hasn't noticed you, 73% to hit)
Okay, then.
Unknown command.
Press: ? - help, v - describe, . - travel
Here: a wizard, wielding a +0 dagger and wearing a +0 robe (wandering, hasn't noticed you)
The floor.
Fire: b) +9 arbalest of Muvvoze {penet, Str+6}
Press: ? - help, Q - select action, (/) - cycle Shift-Dir - straight line, f - wizard
Aim: a wizard, wielding a +0 dagger and wearing a +0 robe (wandering, hasn't noticed you, 73% to hit)
You shoot a bolt. The wizard shouts!
The bolt pierces through the wizard!!
The wizard is severely wounded.
You start resting.
A wizard is nearby!
Fire: b) +9 arbalest of Muvvoze {penet, Str+6}
Press: ? - help, Q - select action, (/) - cycle Shift-Dir - straight line, f/p - wizard
Aim: a wizard, wielding a +0 dagger and wearing a +0 robe (severely wounded, 73% to hit)
You shoot a bolt. The bolt barely misses the wizard.
Fire: b) +9 arbalest of Muvvoze {penet, Str+6}
Press: ? - help, Q - select action, (/) - cycle Shift-Dir - straight line, f/p - wizard
Aim: a wizard, wielding a +0 dagger and wearing a +0 robe (severely wounded, 73% to hit)
You shoot a bolt. The bolt pierces through the wizard!
You kill the wizard!
You start resting.
HP restored.
Items here: ) [ ††.
Items here: ( ) [ †.
Found a stone staircase leading up.
A two-headed ogre comes into view.
It is wielding a +0 giant spiked club and a +0 giant club.
You shoot a bolt.
The bolt pierces through the two-headed ogre!
The two-headed ogre shouts in stereo!
The two-headed ogre is lightly wounded.
You hear two shouts!
A two-headed ogre comes into view. It is wielding two +0 giant clubs.
You hear a shout!
You hear two shouts!
You shoot a bolt.
The bolt completely misses the two-headed ogre.
You shoot a bolt.
The bolt pierces through the two-headed ogre!!
The two-headed ogre is severely wounded.
The bolt pierces through the two-headed ogre!!!
You kill the two-headed ogre!
You hear two shouts!
A two-headed ogre comes into view.
It is wielding a +0 giant club and a +0 giant spiked club.
Fire: b) +9 arbalest of Muvvoze {penet, Str+6}
Press: ? - help, Q - select action, (/) - cycle Shift-Dir - straight line, f - two-headed ogre, p - two-headed ogre
Aim: a two-headed ogre, wielding a +0 giant club and a +0 giant spiked club (86% to hit)
You shoot a bolt.
The bolt pierces through the two-headed ogre!
The two-headed ogre is almost dead.
The bolt pierces through the two-headed ogre!!
The two-headed ogre is heavily wounded.
An ogre mage comes into view. It is wielding a +0 club.
Fire: b) +9 arbalest of Muvvoze {penet, Str+6}
Press: ? - help, Q - select action, (/) - cycle Shift-Dir - straight line, f - ogre mage, p - two-headed ogre
Aim: an ogre mage, wielding a +0 club and wearing a +0 robe (84% to hit)
You shoot a bolt.
The bolt pierces through the two-headed ogre.
The two-headed ogre is almost dead.
The bolt barely misses the two-headed ogre.
The bolt pierces through the ogre mage!!!
The ogre mage is severely wounded.
Fire: b) +9 arbalest of Muvvoze {penet, Str+6}
Press: ? - help, Q - select action, (/) - cycle Shift-Dir - straight line, f/p - ogre mage
Aim: an ogre mage, wielding a +0 club and wearing a +0 robe (severely wounded, 84% to hit)
You shoot a bolt.
The bolt pierces through the two-headed ogre.
The two-headed ogre is almost dead.
The bolt pierces through the two-headed ogre!!
You kill the two-headed ogre!
The bolt pierces through the ogre mage!
The ogre mage is almost dead.
You hear two shouts!
An ogre comes into view. It is wielding a +0 giant club.
A two-headed ogre comes into view. It is wielding two +0 giant clubs.
Fire: b) +9 arbalest of Muvvoze {penet, Str+6}
Press: ? - help, Q - select action, (/) - cycle Shift-Dir - straight line, f - ogre, p - ogre mage
Aim: an ogre, wielding a +0 giant club (86% to hit)
You shoot a bolt.
The bolt pierces through the two-headed ogre!!
You kill the two-headed ogre!
The bolt pierces through the ogre mage!
You kill the ogre mage!
The bolt pierces through the ogre!!!
You kill the ogre!
Fire: b) +9 arbalest of Muvvoze {penet, Str+6}
Press: ? - help, Q - select action, (/) - cycle Shift-Dir - straight line, f - two-headed ogre
Aim: a two-headed ogre, wielding two +0 giant clubs (86% to hit)
You shoot a bolt.
The bolt pierces through the two-headed ogre!
The two-headed ogre is lightly wounded.
A two-headed ogre comes into view. It is wielding two +0 giant clubs.
Fire: b) +9 arbalest of Muvvoze {penet, Str+6}
Press: ? - help, Q - select action, (/) - cycle Shift-Dir - straight line, f - two-headed ogre, p - two-headed ogre
Aim: a two-headed ogre, wielding two +0 giant clubs (wandering, hasn't noticed you, 86% to hit)
You shoot a bolt. The two-headed ogre shouts in stereo!
The bolt pierces through the two-headed ogre!
The two-headed ogre is heavily wounded.
The bolt pierces through the two-headed ogre!!!
The two-headed ogre is severely wounded.
A boulder beetle comes into view.
Fire: b) +9 arbalest of Muvvoze {penet, Str+6}
Press: ? - help, Q - select action, (/) - cycle Shift-Dir - straight line, f - boulder beetle, p - two-headed ogre
Aim: a boulder beetle (93% to hit)
You shoot a bolt.
The bolt pierces through the two-headed ogre!
The two-headed ogre is severely wounded.
The bolt pierces through the two-headed ogre!!!
You kill the two-headed ogre!
The bolt pierces through the boulder beetle!!!
The boulder beetle is heavily wounded.
Fire: b) +9 arbalest of Muvvoze {penet, Str+6}
Press: ? - help, Q - select action, (/) - cycle Shift-Dir - straight line, f/p - boulder beetle
Aim: a boulder beetle (heavily wounded, 93% to hit)
You shoot a bolt.
The bolt pierces through the two-headed ogre!!!
You kill the two-headed ogre!
The bolt pierces through the boulder beetle!
The boulder beetle is heavily wounded.
Fire: b) +9 arbalest of Muvvoze {penet, Str+6}
Press: ? - help, Q - select action, (/) - cycle Shift-Dir - straight line, f/p - boulder beetle
Aim: a boulder beetle (heavily wounded, 93% to hit)
You shoot a bolt.
The bolt pierces through the boulder beetle!!
The boulder beetle is almost dead.
You shoot a bolt.
The bolt pierces through the boulder beetle.
The boulder beetle is almost dead.
The boulder beetle curls into a ball and begins rolling!
You shoot a bolt.
The bolt pierces through the boulder beetle!!!
You kill the boulder beetle!
Things that are here:
a +0 giant spiked club; a +0 giant club; a two-headed ogre corpse
Things that are here:
a +0 giant club; a +0 giant club; a two-headed ogre corpse A redback simulacrum comes into view.
You see here a boulder beetle corpse.
You shoot a bolt.
The bolt closely misses the redback simulacrum.
You shoot a bolt.
The bolt pierces through the redback simulacrum!!
The redback simulacrum is almost destroyed.
You shoot a bolt.
The bolt barely misses the redback simulacrum.
You shoot a bolt.
The bolt pierces through the redback simulacrum!
The redback simulacrum vaporises!
Things that are here:
a +0 giant club; an ogre corpse You now have 2154 gold pieces (gained 13).
There is an open door here.
There is an open door here.
A deep elf pyromancer comes into view. It is wielding a +0 rapier.
You shoot a bolt. The deep elf pyromancer shouts!
The bolt pierces through the deep elf pyromancer!!!
You kill the deep elf pyromancer!
A centaur warrior comes into view.
You shoot a bolt. The centaur warrior shouts!
The bolt pierces through the centaur warrior!
The centaur warrior is lightly wounded.
You hear a deafening roar!
The centaur warrior drinks a potion.
The centaur warrior seems to grow stronger.
You shoot a bolt.
The bolt pierces through the centaur warrior!!
The centaur warrior is heavily wounded.
The centaur warrior wields a +0 longbow.
The centaur warrior shoots an arrow.
The arrow completely misses you.
You shoot a bolt.
The bolt pierces through the centaur warrior!!
The centaur warrior is almost dead.
The centaur warrior shoots an arrow.
The arrow closely misses you.
The centaur warrior shoots an arrow.
The arrow completely misses you.
You shoot a bolt.
The bolt pierces through the centaur warrior!!!
You kill the centaur warrior!
Your Fighting skill increases to level 8!
A fire dragon comes into view.
You shoot a bolt.
The bolt pierces through the fire dragon!
The fire dragon is lightly wounded.
You shoot a bolt.
The bolt pierces through the fire dragon!!
The fire dragon is heavily wounded.
The fire dragon breathes flames at you. The blast of flame misses you.
You shoot a bolt. The bolt barely misses the fire dragon.
You shoot a bolt.
The bolt pierces through the fire dragon!
The fire dragon is heavily wounded.
You shoot a bolt.
The bolt pierces through the fire dragon!
The fire dragon is severely wounded.
The fire dragon breathes flames at you. The blast of flame misses you.
You shoot a bolt.
The bolt pierces through the fire dragon!!!
You kill the fire dragon!
Found a robe.
D - a scroll labelled NULINYVAOTH You now have 2173 gold pieces (gained 19).
Things that are here:
a +0 rapier; a +0 robe; an elf corpse You open the door.
Found a battleaxe.
Okay, then.
Unknown command.
Unknown command.
There is an open door here.
There is an open door here.
A deep elf pyromancer comes into view. It is wielding a +0 short sword.
You shoot a bolt.
The bolt barely misses the deep elf pyromancer.
The deep elf pyromancer shouts!
You shoot a bolt.
The bolt pierces through the deep elf pyromancer!
The deep elf pyromancer is moderately wounded.
You shoot a bolt.
The bolt pierces through the deep elf pyromancer!!!
You kill the deep elf pyromancer!
There is an open door, spattered with blood here.
Things that are here:
a +0 short sword; a +0 leather armour; an elf corpse
Found 4 stones.
You see here 4 stones.
Roxanne, Geomancer Emeritus comes into view.
Marking area around Roxanne as unsafe for travelling.
Okay, then.
Press: ? - help, v - describe, . - travel
Here: Roxanne (unaware, hasn't noticed you)
The floor.
You see here 4 stones.
You open the door.
There is an open door here.
An orc comes into view. It is wielding a +0 flail.
Found a short sword.
You shoot a bolt. The bolt pierces through the orc!
You kill the orc!
You hear a shout! x9
An orc comes into view. It is wielding a +0 flail.
An orc comes into view. It is wielding a +0 dagger.
You hear a shout! x2
You shoot a bolt. The bolt pierces through the orc!!
You kill the orc!
You shoot a bolt. The bolt pierces through the orc!!
You kill the orc!
An orc priest comes into view. It is wielding a +0 whip.
An orc comes into view. It is wielding a +1 vampiric dagger.
Fire: b) +9 arbalest of Muvvoze {penet, Str+6}
Press: ? - help, Q - select action, (/) - cycle Shift-Dir - straight line, f - orc priest
Aim: an orc priest, wielding a +0 whip and wearing a +0 ring mail (81% to hit)
You shoot a bolt. The bolt closely misses the orc.
The bolt pierces through the orc priest!!!
You kill the orc priest!
You shoot a bolt. The bolt pierces through the orc!!
You kill the orc!
An orc comes into view. It is wielding a +0 hand axe.
You shoot a bolt. The bolt pierces through the orc!
You kill the orc!
You hear a shout!
An orc priest comes into view. It is wielding a +0 hand axe.
An orc comes into view. It is wielding a +0 short sword.
Fire: b) +9 arbalest of Muvvoze {penet, Str+6}
Press: ? - help, Q - select action, (/) - cycle Shift-Dir - straight line, f - orc priest
Aim: an orc priest, wielding a +0 hand axe (79% to hit)
You shoot a bolt. The bolt pierces through the orc.
The orc is almost dead.
The bolt barely misses the orc priest.
Fire: b) +9 arbalest of Muvvoze {penet, Str+6}
Press: ? - help, Q - select action, (/) - cycle Shift-Dir - straight line, f/p - orc priest
Aim: an orc priest, wielding a +0 hand axe (79% to hit)
You shoot a bolt. The bolt pierces through the orc!
You kill the orc!
The bolt pierces through the orc priest!!
You kill the orc priest!
You hear a shout!
An orc priest comes into view. It is wielding a +0 mace.
An orc comes into view. It is wielding a +0 dagger.
Fire: b) +9 arbalest of Muvvoze {penet, Str+6}
Press: ? - help, Q - select action, (/) - cycle Shift-Dir - straight line, f - orc priest
Aim: an orc priest, wielding a +0 mace and wearing a +0 ring mail (81% to hit)
You shoot a bolt. The bolt pierces through the orc!
You kill the orc!
The bolt pierces through the orc priest!
The orc priest is severely wounded.
You hear a shout!
An orc warrior comes into view. It is wielding a +0 dire flail.
Fire: b) +9 arbalest of Muvvoze {penet, Str+6}
Press: ? - help, Q - select action, (/) - cycle Shift-Dir - straight line, f - orc warrior
Aim: an orc warrior, wielding a +0 dire flail, wearing a +0 chain mail and quivering boomerangs (wandering, hasn't noticed you, 77% to hit)
You shoot a bolt. The bolt barely misses the orc warrior.
The orc warrior shouts!
An orc comes into view. It is wielding a +0 dagger.
Fire: b) +9 arbalest of Muvvoze {penet, Str+6}
Press: ? - help, Q - select action, (/) - cycle Shift-Dir - straight line, f - orc, p - orc warrior
Aim: an orc, wielding a +0 dagger (79% to hit)
You shoot a bolt.
The bolt pierces through the orc warrior.
The orc warrior is lightly wounded.
The bolt pierces through the orc!!
You kill the orc!
An orc comes into view. It is wielding a +0 short sword.
The orc warrior completely misses you.
Fire: b) +9 arbalest of Muvvoze {penet, Str+6}
Press: ? - help, Q - select action, (/) - cycle Shift-Dir - straight line, f - orc
Aim: an orc, wielding a +0 short sword (79% to hit)
You shoot a bolt.
The bolt pierces through the orc warrior!!
You kill the orc warrior!
The bolt pierces through the orc priest!
You kill the orc priest!
The bolt pierces through the orc!!
You kill the orc!
An orc warrior comes into view.
It is wielding a +0 halberd of distortion.
You shoot a bolt.
The bolt pierces through the orc warrior.
The orc warrior is lightly wounded.
The orc warrior completely misses you.
You shoot a bolt.
The bolt pierces through the orc warrior!
The orc warrior is moderately wounded.
The orc warrior completely misses you.
You shoot a bolt.
The bolt pierces through the orc warrior!
The orc warrior is severely wounded.
The orc warrior hits you from afar with a +0 halberd of distortion!
You blink.
You shoot a bolt.
The bolt pierces through the orc warrior!!
You kill the orc warrior!
An orc comes into view. It is wielding a +0 hand axe.
You shoot a bolt. The bolt barely misses the orc.
An orc comes into view. It is wielding a +0 dagger of freezing.
You shoot a bolt. The bolt pierces through the orc!
You kill the orc!
You shoot a bolt. The bolt pierces through the orc!
You kill the orc!
You start resting.
HP restored.
Items here: ( ))))) [[[[ ††.
Okay, then.
Found a roughly hewn altar of Beogh.
You now have 2187 gold pieces (gained 14).
Items here: )))))) [[ †††††.
Okay, then.
Items here: ))))) [ †††.
Items here: )))))) [[ †††††.
You see here a +0 short sword.
You see here a +0 short sword.
Items here: ( ))))) [[[[ ††.
There is an open door here.
A tengu conjurer comes into view.
You shoot a bolt.
The bolt pierces through the tengu conjurer!!!
You kill the tengu conjurer!
Things that are here:
a +3 great sword; a +0 ring mail
Things that are here:
a +1 war axe; a +0 ring mail; a +1 buckler of resistance
Things that are here:
a +0 hand axe; a +0 leather armour
There is an open door here.
There is an open door here.
Found a stone staircase leading up.
Q - a ring of magical power A six-headed hydra comes into view.
You shoot a bolt.
The bolt pierces through the six-headed hydra!!!
The six-headed hydra is severely wounded.
You shoot a bolt.
The bolt completely misses the six-headed hydra.
You shoot a bolt.
The bolt pierces through the six-headed hydra!!
The six-headed hydra is almost dead.
You shoot a bolt.
The bolt pierces through the six-headed hydra.
The six-headed hydra is almost dead.
You shoot a bolt.
The bolt pierces through the six-headed hydra!!!
You kill the six-headed hydra!
There is an open door here.
You see here a +4 quarterstaff.
You see here a potion of degeneration.
You see here a +0 longbow.
You see here a +0 shortbow.
Partly explored, can't reach some places.
You see here 4 stones.
You can't see any enemies this would affect, really read the scroll of silence?
As you read the scroll of silence, it crumbles to dust.
A profound silence engulfs you.
Really walk into a travel-excluded area?
You shoot a bolt. The bolt pierces through Roxanne.
Roxanne is lightly damaged.
You shoot a bolt. The bolt pierces through Roxanne!!
Roxanne is lightly damaged.
You shoot a bolt. The bolt pierces through Roxanne!!!
Roxanne is moderately damaged.
You shoot a bolt. The bolt pierces through Roxanne.
Roxanne is moderately damaged.
You shoot a bolt. The bolt pierces through Roxanne!!!
Roxanne is heavily damaged.
You shoot a bolt.
The bolt pierces through Roxanne but does no damage.
Roxanne is heavily damaged.
You shoot a bolt. The bolt pierces through Roxanne.
Roxanne is severely damaged.
You shoot a bolt.
The bolt pierces through Roxanne but does no damage.
Roxanne is severely damaged.
You shoot a bolt.
The bolt pierces through Roxanne but does no damage.
Roxanne is severely damaged.
You shoot a bolt. The bolt pierces through Roxanne!
Roxanne is severely damaged.
You shoot a bolt. The bolt pierces through Roxanne!
Roxanne is severely damaged.
You shoot a bolt. The bolt pierces through Roxanne!!!
Roxanne is almost destroyed.
You shoot a bolt.
The bolt pierces through Roxanne but does no damage.
Roxanne is almost destroyed.
You shoot a bolt. The bolt pierces through Roxanne.
Roxanne is almost destroyed.
You shoot a bolt. The bolt pierces through Roxanne!!!
You destroy Roxanne!
No target in view!
You pick up a book of the Earth and begin reading...
You add the spells Leda's Liquefaction and Statue Form to your library.
You start waiting.
Your hearing returns.
Okay, then.
Unknown command.
Memorise Wereblood, consuming 2 spell levels and leaving 19?
You start memorising the spell.
You continue memorising. x2
You finish memorising.
Spell assigned to 'd'.
Unknown command.
Okay, then.
Unknown command.
Search for what [Enter for "lair", or ? for help]? necro Unknown command.
Unknown command.
Unknown command.
Unknown command.
Done exploring.
Unknown command.
Unknown command.
Done exploring.
Search for what [Enter for "necro", or ? for help]? dragon Unknown command.
(D) Dungeon (T) Temple (L) Lair (S) Swamp (P) Snake Pit (M) Slime Pits (O) Orcish Mines (E) Elven Halls (V) Vaults (U) Depths
Where to? (Enter - D:15 @ (x,y), ? - help)
What level of the Orcish Mines? (default 1, ? - help)
You see here 4 stones.
There is a stone staircase leading up here.
You climb upwards.
There is a stone staircase leading down here.
There is an open door here.
There is a stone staircase leading up here.
You climb upwards.
There is a stone staircase leading down here.
There is a stone staircase leading up here.
You climb upwards.
There is a stone staircase leading down here.
There is a staircase to the Orcish Mines here.
You climb downwards.
Welcome back to the Orcish Mines!
Level annotation: Jorgrun
There is a staircase back to the Dungeon, spattered with blood here.
Done exploring.
Things that are here:
a +0 chain mail; a +0 hand axe
There is a stone staircase leading down here.
You climb downwards.
There is a stone staircase leading up, spattered with blood here.
There is a stone staircase leading up here.
You climb upwards.
Level annotation: Jorgrun
There is a stone staircase leading down here.
You climb downwards.
There is a stone staircase leading up here.
There is a stone staircase leading up here.
You climb upwards.
Level annotation: Jorgrun
There is a stone staircase leading down here.
Partly explored, can't reach some items and places.
Okay, then.
Really walk into a travel-excluded area?
Fire: b) +9 arbalest of Muvvoze {penet, Str+6}
Press: ? - help, Q - select action, (/) - cycle Shift-Dir - straight line, f - Jorgrun
Aim: Jorgrun, wielding a staff of earth and wearing a +0 robe (asleep, 98% to hit)
You shoot a bolt. The bolt pierces through Jorgrun.
Jorgrun shouts!
Jorgrun is lightly wounded.
Jorgrun says, "A few more walls knocked out 'ere an' thar an' 'tis whole place will come crashin' down."
Fire: b) +9 arbalest of Muvvoze {penet, Str+6}
Press: ? - help, Q - select action, (/) - cycle Shift-Dir - straight line, f/p - Jorgrun
Aim: Jorgrun, wielding a staff of earth and wearing a +0 robe (lightly wounded, 70% to hit)
You shoot a bolt. The bolt barely misses Jorgrun.
Fire: b) +9 arbalest of Muvvoze {penet, Str+6}
Press: ? - help, Q - select action, (/) - cycle Shift-Dir - straight line, f/p - Jorgrun
Aim: Jorgrun, wielding a staff of earth and wearing a +0 robe (lightly wounded, 70% to hit)
You shoot a bolt. The bolt pierces through Jorgrun.
Jorgrun is lightly wounded.
Jorgrun points at you and mumbles some strange words.
Roots burst forth from the earth!
The grasping roots grab you! The grasping roots constrict you!
Fire: b) +9 arbalest of Muvvoze {penet, Str+6}
Press: ? - help, Q - select action, (/) - cycle Shift-Dir - straight line, f/p - Jorgrun
Aim: Jorgrun, wielding a staff of earth and wearing a +0 robe (lightly wounded, 70% to hit)
You shoot a bolt. The bolt pierces through Jorgrun.
Jorgrun is lightly wounded.
The grasping roots constrict you.
Fire: b) +9 arbalest of Muvvoze {penet, Str+6}
Press: ? - help, Q - select action, (/) - cycle Shift-Dir - straight line, f/p - Jorgrun
Aim: Jorgrun, wielding a staff of earth and wearing a +0 robe (lightly wounded, 70% to hit)
You shoot a bolt. The bolt closely misses Jorgrun.
The grasping roots constrict you!
Fire: b) +9 arbalest of Muvvoze {penet, Str+6}
Press: ? - help, Q - select action, (/) - cycle Shift-Dir - straight line, f/p - Jorgrun
Aim: Jorgrun, wielding a staff of earth and wearing a +0 robe (lightly wounded, 70% to hit)
You shoot a bolt. The bolt pierces through Jorgrun.
Jorgrun is lightly wounded.
The grasping roots constrict you!
Fire: b) +9 arbalest of Muvvoze {penet, Str+6}
Press: ? - help, Q - select action, (/) - cycle Shift-Dir - straight line, f/p - Jorgrun
Aim: Jorgrun, wielding a staff of earth and wearing a +0 robe (lightly wounded, 70% to hit)
You shoot a bolt. The bolt misses Jorgrun.
The grasping roots constrict you!
Fire: b) +9 arbalest of Muvvoze {penet, Str+6}
Press: ? - help, Q - select action, (/) - cycle Shift-Dir - straight line, f/p - Jorgrun
Aim: Jorgrun, wielding a staff of earth and wearing a +0 robe (lightly wounded, 70% to hit)
You shoot a bolt. The bolt pierces through Jorgrun!!
Jorgrun is moderately wounded.
Jorgrun completely misses you. The grasping roots constrict you.
Fire: b) +9 arbalest of Muvvoze {penet, Str+6}
Press: ? - help, Q - select action, (/) - cycle Shift-Dir - straight line, f/p - Jorgrun
Aim: Jorgrun, wielding a staff of earth and wearing a +0 robe (moderately wounded, 70% to hit)
You shoot a bolt. The bolt pierces through Jorgrun!!!
Jorgrun is heavily wounded.
Jorgrun hits you with a staff of earth! Jorgrun shatters you!
The grasping roots constrict you!
* * * LOW HITPOINT WARNING * * *
Fire: b) +9 arbalest of Muvvoze {penet, Str+6}
Press: ? - help, Q - select action, (/) - cycle Shift-Dir - straight line, f/p - Jorgrun
Aim: Jorgrun, wielding a staff of earth and wearing a +0 robe (heavily wounded, 70% to hit)
You shoot a bolt. The bolt misses Jorgrun.
Jorgrun completely misses you. The grasping roots constrict you.
* * * LOW HITPOINT WARNING * * *
Throw: 5 throwing nets
Press: ? - help, Q - select action, (/) - cycle Shift-Dir - straight line, f/p - Jorgrun
Aim: Jorgrun, wielding a staff of earth and wearing a +0 robe (heavily wounded, 60% to hit)
You throw a throwing net. The throwing net hits Jorgrun.
Jorgrun is caught in the net!
Jorgrun is heavily wounded.
The grasping roots constrict you!
* * * LOW HITPOINT WARNING * * *
Jorgrun struggles against the net.
Throw: 4 throwing nets
Press: ? - help, Q - select action, (/) - cycle Shift-Dir - straight line, f/p - Jorgrun
Aim: Jorgrun, wielding a staff of earth and wearing a +0 robe (heavily wounded, entangled in a net, 90% to hit)
You throw a throwing net. The throwing net hits Jorgrun.
Jorgrun is heavily wounded.
The grasping roots constrict you!
* * * LOW HITPOINT WARNING * * *
Jorgrun struggles against the net.
You feel much better. The grasping roots constrict you!
* * * LOW HITPOINT WARNING * * *
Jorgrun struggles against the net.
Throw: 3 throwing nets
Press: ? - help, Q - select action, (/) - cycle Shift-Dir - straight line, f/p - Jorgrun
Aim: Jorgrun, wielding a staff of earth and wearing a +0 robe (heavily wounded, entangled in a net, 90% to hit)
You throw a throwing net. The throwing net hits Jorgrun.
Jorgrun is heavily wounded.
The grasping roots constrict you!
* * * LOW HITPOINT WARNING * * *
Jorgrun struggles against the net.
Throw: 2 throwing nets
Press: ? - help, Q - select action, (/) - cycle Shift-Dir - straight line, f/p - Jorgrun
Aim: Jorgrun, wielding a staff of earth and wearing a +0 robe (heavily wounded, entangled in a net, 90% to hit)
You throw a throwing net. The throwing net barely misses Jorgrun.
Jorgrun points at you and mumbles some strange words.
You resist with almost no effort. The grasping roots constrict you!
* * * LOW HITPOINT WARNING * * *
Jorgrun struggles against the net.
The net rips apart, and Jorgrun comes free!
The grasping roots release their grip on you.
Unknown command.
Throw: throwing net
Press: ? - help, Q - select action, (/) - cycle Shift-Dir - straight line, f/p - Jorgrun
Aim: Jorgrun, wielding a staff of earth and wearing a +0 robe (heavily wounded, 60% to hit)
You throw a throwing net. The throwing net hits Jorgrun.
Jorgrun is caught in the net!
Jorgrun is heavily wounded.
Fire: b) +9 arbalest of Muvvoze {penet, Str+6}
Press: ? - help, Q - select action, (/) - cycle Shift-Dir - straight line, f/p - Jorgrun
Aim: Jorgrun, wielding a staff of earth and wearing a +0 robe (heavily wounded, entangled in a net, 92% to hit)
You shoot a bolt. The bolt pierces through Jorgrun!!
Jorgrun is severely wounded.
Jorgrun casts a spell at you. You resist with almost no effort.
Jorgrun struggles against the net.
Fire: b) +9 arbalest of Muvvoze {penet, Str+6}
Press: ? - help, Q - select action, (/) - cycle Shift-Dir - straight line, f/p - Jorgrun
Aim: Jorgrun, wielding a staff of earth and wearing a +0 robe (severely wounded, entangled in a net, 92% to hit)
You shoot a bolt. The bolt barely misses Jorgrun.
Fire: b) +9 arbalest of Muvvoze {penet, Str+6}
Press: ? - help, Q - select action, (/) - cycle Shift-Dir - straight line, f/p - Jorgrun
Aim: Jorgrun, wielding a staff of earth and wearing a +0 robe (severely wounded, entangled in a net, 92% to hit)
You shoot a bolt.
The bolt pierces through Jorgrun but does no damage.
Jorgrun is severely wounded.
Jorgrun points at you and mumbles some strange words.
The iron shot hits you!!
You die...

Skill      XL: |  1  2  3  4  5  6  7  8  9 10 11 12 13 14 15 16 |
---------------+-------------------------------------------------+-----
Fighting       | 1 2 3 4 5 6 7 8 |  8.1
Ranged Weapons | 2 3 4 5 7 9 12 15 17 18 | 18.0
Dodging        | 2 3 4 5 6 7 8 11 12 13 | 13.8
Stealth        | 1 2 3 4 5 6 |  6.9
Translocations | 3 4 5 6 |  6.0
Air Magic      | 3 4 |  4.0
Spellcasting   | 2 5 6 |  6.0
Evocations     | 4 5 6 |  6.5
Long Blades    | |  0.3
Hexes          | |  2.6

Action                     |  1- 3 |  4- 6 |  7- 9 | 10-12 | 13-15 | 16-18 || total
---------------------------+-------+-------+-------+-------+-------+-------++-------
   Fire: Sling             |   100 |       |       |       |       |       ||   100
         Arbalest          |    32 |    77 |   153 |   535 |   700 |   158 ||  1655
  Throw: Throwing net      |       |       |       |       |       |     5 ||     5
   Cast: Swiftness         |       |       |       |       |     2 |       ||     2
         Blink             |       |       |       |       |     3 |       ||     3
  Evoke: Phantom mirror    |       |       |       |       |       |     1 ||     1
    Use: Scroll            |       |       |     7 |    10 |    10 |     1 ||    28
         Potion            |       |       |       |     6 |     2 |     1 ||     9
 Armour: Robe              |    16 |     4 |       |     9 |    16 |     1 ||    46
         Leather armour    |       |       |     7 |    41 |    16 |       ||    64
  Dodge: Dodged            |    40 |     3 |    30 |   227 |   221 |    31 ||   552
  Block: Other             |       |       |       |       |    27 |     4 ||    31
         Reflection        |       |       |       |       |     1 |     4 ||     5

Levels and vault maps discovered:
D:1:      dpeg_arrival_court, layout_basic
D:2:      layout_basic, minmay_split_cup_small
D:3:      layout_basic, gammafunk_temple_overflow_elements,
          chequers_serial_rivers_small_b, minmay_fractal_squares_5,
          uniq_jessica, uniq_grinder, uniq_robin
D:4:      layout_rooms, mainiacjoe_overflow_concentric_impassable, serial_shops,
          nicolae_lakefront_shop, shop, nicolae_stop_n_shop_2
D:5:      layout_loops_ring, temple_pool_b, gammafunk_ghost_necromancy,
          uniq_duvessa, uniq_blork_the_orc
D:6:      layout_basic, marbit_many_paths, mainiacjoe_overflow_paths, zin_purify
D:7:      layout_basic, nicolae_shop_self_help
D:8:      layout_cave_pools, old_standard_altar, grunt_lair_entry_orc_guard_hut
D:9:      gammafunk_steamed_eel, layout_loops_ring
D:10:     layout_small_grid, kennysheep_okawaru_gauntlet
D:11:     layout_gridville, roderic_lattice_a
D:12:     layout_cave_pools, orc_0_dummy, gammafunk_ghost_hydra_chop
D:13:     layout_long_grid, david_vaults_4, uniq_lodul
D:14:     layout_stronghold, infiniplex_staircase_trident,
          gauntlet_entry_generic, minmay_the_grid_2x2
          [minmay_the_grid_diamond_grid, minmay_the_grid_minigrid_large,
          minmay_the_grid_plusring,
          minmay_the_grid_prize_four_corners_diamond_a]
D:15:     hangedman_depths_entry_civil_slaughter, layout_basic,
          nicolae_trove_entry_free_sample, special_room [special_room_orc],
          minmay_shattered_shrine, uniq_agnes, uniq_roxanne
Lair:1:   layout_small_grid
Lair:2:   layout_regular_city, portal_ice_cave_entry_pillars_2
Lair:3:   layout_layer_cave, skrybe_swamp_entry_bodies,
          guppyfry_snake_entry_island, gammafunk_ghost_ooze, grunt_megastairs_2,
          serial_bayou_shore_b, uniq_fannar
Lair:4:   gammafunk_boulding_lane, layout_cave_shapes, slime_entry_1,
          nicolae_volcano_entry_hallway, roderic_batcave,
          nicolae_lair_lakeside_cave
Lair:5:   minmay_lair_end_frog_pond, layout_layer_cave, serial_bayou_crossing
Orc:1:    layout_caves, serial_shops, nicolae_shop_advertising_works
          [nicolae_subvault_shop_adworks], mines2_david, uniq_jorgrun
Orc:2:    grunt_orc_cross, layout_caves, statue_in_the_mist_lemuel

Notes
Turn   | Place    | Note
-------+----------+-------------------------------------------
     0 | D:1      | scionoferis the Demigod Hexslinger began the quest for the
                  | Orb.
     0 | D:1      | Reached XP level 1. HP: 15/15 MP: 4/4
    50 | D:1      | Reached skill level 1 in Fighting
    73 | D:1      | Reached skill level 2 in Ranged Weapons
    82 | D:1      | HP: 1/16 [goblin/+0 dagger (4)]
    84 | D:1      | Reached skill level 2 in Dodging
   193 | D:1      | Reached XP level 2. HP: 23/23 MP: 5/5
   868 | D:2      | Reached XP level 3. HP: 28/28 MP: 6/6
   921 | D:2      | Identified the +9 arbalest of Muvvoze {penet, Str+6}
  1192 | D:2      | Reached skill level 3 in Ranged Weapons
  1639 | D:3      | Noticed Grinder
  1643 | D:3      | Killed Grinder
  1644 | D:3      | Reached skill level 2 in Fighting
  1644 | D:3      | Reached skill level 3 in Dodging
  1644 | D:3      | Reached skill level 1 in Stealth
  1644 | D:3      | Reached XP level 4. HP: 24/37 MP: 8/8
  1644 | D:3      | Reached XP level 5. HP: 27/42 MP: 9/9
  1727 | D:3      | Noticed Jessica
  1730 | D:3      | Killed Jessica
  1731 | D:3      | Reached XP level 6. HP: 50/50 MP: 10/10
  1744 | D:3      | Noticed Robin
  1746 | D:3      | Killed Robin
  1747 | D:3      | Reached skill level 4 in Ranged Weapons
  1793 | D:3      | Identified the +1 chain mail "Koge" {-Tele rElec rCorr}
  2008 | D:3      | Identified the +9 whip of Oenomania {pain, rF- rC++}
  2095 | D:3      | Reached skill level 2 in Stealth
  2576 | D:4      | Found Muizxuoxiu's Antique Weapon Boutique.
  2653 | D:4      | Found Budinn's Antique Armour Boutique.
  2665 | D:4      | Bought a fading leather armour for 154 gold pieces
  2665 | D:4      | Identified the +1 leather armour "Lyibatatz" {rElec} (You
                  | bought it in a shop on level 4 of the Dungeon)
  2756 | D:4      | Reached skill level 4 in Dodging
  2793 | D:4      | Noticed a water moccasin
  2799 | D:4      | Killed a water moccasin
  2800 | D:4      | Reached skill level 3 in Fighting
  2806 | D:4      | HP: 5/51 [poisoned by a water moccasin]
  3012 | D:4      | Reached XP level 7. HP: 57/57 MP: 11/11
  3132 | D:4      | Found Ewkow's Assorted Antiques.
  3264 | D:5      | Entered Level 5 of the Dungeon
  3274 | D:5      | Found a runed translucent gate.
  3274 | D:5      | Found a runed translucent gate.
  3277 | D:5      | Found a runed translucent gate.
  3281 | D:5      | Noticed Valagong's ghost (novice MiFi)
  3309 | D:5      | Reached skill level 5 in Ranged Weapons
  3313 | D:5      | Reached skill level 3 in Stealth
  3316 | D:5      | Reached skill level 5 in Dodging
  3422 | D:5      | Noticed a troll
  3425 | D:5      | Killed a troll
  3426 | D:5      | Reached XP level 8. HP: 44/66 MP: 12/12
  3515 | D:5      | Found a staircase to the Ecumenical Temple.
  3515 | D:5      | Noticed Blork the orc
  3517 | D:5      | Killed Blork the orc
  3721 | D:5      | Noticed Duvessa
  3721 | D:5      | Noticed Dowan
  3780 | D:5      | Reached skill level 6 in Ranged Weapons
  3825 | D:5      | Killed Dowan
  3826 | D:5      | Reached skill level 4 in Fighting
  3831 | D:5      | Killed Duvessa
  3832 | D:5      | Reached skill level 4 in Stealth
  4245 | D:4      | Bought a scroll labelled OBUCWI HIWI for 23 gold pieces
  4546 | D:6      | Reached skill level 6 in Dodging
  4656 | D:6      | Found Zin's Purification Station.
  5215 | D:4      | Bought a coppery potion for 20 gold pieces
  5215 | D:4      | Bought 2 sedimented clear potions for 41 gold pieces
  5215 | D:4      | Bought a lumpy clear potion for 20 gold pieces
  5215 | D:4      | Bought a gold wand for 92 gold pieces
  5314 | D:7      | Found Qixzuc's Self-Improvement Boutique.
  5533 | D:7      | Reached skill level 7 in Ranged Weapons
  5533 | D:7      | Reached XP level 9. HP: 72/72 MP: 13/13
  5768 | D:7      | Reached skill level 5 in Fighting
  5768 | D:7      | Reached skill level 5 in Stealth
  5856 | D:7      | Learned a level 2 spell: Blink
  5913 | D:8      | Noticed a komodo dragon
  5928 | D:8      | Killed a komodo dragon
  5940 | D:8      | Reached skill level 8 in Ranged Weapons
  5976 | D:8      | Noticed a two-headed ogre
  5981 | D:8      | Killed a two-headed ogre
  5982 | D:8      | Reached skill level 7 in Dodging
  6057 | D:8      | Reached skill level 9 in Ranged Weapons
  6249 | D:8      | Found a staircase to the Lair.
  6527 | D:5      | Killed Valagong's ghost
  6528 | D:5      | Reached XP level 10. HP: 47/81 MP: 14/14
  6763 | D:9      | Reached skill level 8 in Dodging
  6768 | D:9      | Reached skill level 10 in Ranged Weapons
  6780 | D:9      | Noticed a boulder beetle
  6799 | D:9      | Killed a boulder beetle
  7063 | D:9      | Reached skill level 11 in Ranged Weapons
  7094 | D:9      | Found a transporter.
  7102 | D:9      | Found a transporter.
  7263 | D:9      | You are sucked into a shaft and drop 1 floor!
  7263 | D:10     | Entered Level 10 of the Dungeon
  7514 | D:10     | Reached skill level 12 in Ranged Weapons
  7581 | D:10     | Noticed a two-headed ogre
  7585 | D:10     | Killed a two-headed ogre
  7896 | D:9      | Reached XP level 11. HP: 86/86 MP: 15/15
  8642 | D:11     | Identified the +7 whip of Untruth {pain, rF+ rCorr Int-2}
  8809 | D:11     | Reached skill level 13 in Ranged Weapons
  8870 | D:11     | Noticed a soul eater
  9561 | D:12     | Noticed HilariousDeathArtist's ghost (journeyman HOEE)
  9561 | D:12     | Noticed an 11-headed hydra
  9561 | D:12     | Noticed an 11-headed hydra
  9561 | D:12     | Found a runed translucent gate.
  9561 | D:12     | Found a runed translucent gate.
  9561 | D:12     | Found a runed translucent gate.
  9580 | D:12     | Noticed a centaur warrior
  9609 | D:12     | HP: 4/86 [vampire mosquito (6)]
  9611 | D:12     | Gained mutation: Your mind is acute. (Int +4, Str/Dex -1)
                  | [potion of mutation]
  9910 | D:12     | Reached skill level 14 in Ranged Weapons
 10063 | D:12     | Noticed a two-headed ogre
 10405 | D:4      | Bought a shiny helmet for 172 gold pieces
 10549 | Lair:1   | Entered Level 1 of the Lair of Beasts
 11286 | Lair:1   | Reached skill level 15 in Ranged Weapons
 11679 | Lair:2   | Found a frozen archway.
 11689 | IceCv    | Entered an ice cave
 11738 | IceCv    | Identified a +2 robe of resistance
 11879 | IceCv    | Noticed a bog body
 11879 | IceCv    | Noticed a bog body
 11888 | IceCv    | Killed a bog body
 11889 | IceCv    | Reached XP level 12. HP: 94/94 MP: 16/16
 12029 | IceCv    | Identified the ring of the Middle {rF+ Int+3 Stlth+}
 12370 | Lair:2   | Reached skill level 16 in Ranged Weapons
 12876 | Lair:2   | Reached skill level 17 in Ranged Weapons
 13091 | Lair:3   | Noticed Zenkrye's ghost (journeyman AtBe)
 13091 | Lair:3   | Found a runed translucent gate.
 13091 | Lair:3   | Found a runed translucent gate.
 13091 | Lair:3   | Found a runed translucent gate.
 13150 | Lair:3   | Found a staircase to the Snake Pit.
 14032 | Lair:3   | Found a staircase to the Swamp.
 14032 | Lair:3   | Noticed Fannar
 14042 | Lair:3   | Killed Fannar
 14507 | Lair:4   | Found a dark tunnel.
 14515 | Volcano  | Entered a volcano
 14570 | Volcano  | Identified the +2 hat of Philately {Harm rCorr Str+3
                  | Stlth-}
 15015 | Lair:4   | Reached XP level 13. HP: 100/100 MP: 17/17
 15033 | Lair:4   | Found a staircase to the Slime Pits.
 15131 | Lair:4   | Reached skill level 9 in Dodging
 15300 | Lair:4   | Found a transporter.
 15301 | Lair:4   | Found a transporter.
 15433 | Lair:4   | Reached skill level 18 in Ranged Weapons
 15756 | Lair:4   | Reached skill level 10 in Dodging
 15757 | Lair:4   | Noticed a dire elephant
 15767 | Lair:4   | Killed a dire elephant
 16229 | D:8      | Identified 2 potions of resistance
 16471 | D:12     | Found a staircase to the Orcish Mines.
 16487 | D:12     | Reached skill level 1 in Translocations
 16557 | D:12     | Reached skill level 2 in Translocations
 16596 | D:12     | Reached skill level 11 in Dodging
 16927 | D:12     | Learned a level 3 spell: Swiftness
 16928 | Orc:1    | Entered Level 1 of the Orcish Mines
 17209 | Orc:2    | Entered Level 2 of the Orcish Mines
 17280 | Orc:2    | Reached skill level 1 in Air Magic
 17307 | Orc:2    | Reached skill level 2 in Spellcasting
 17427 | Orc:2    | Noticed Urug
 17433 | Orc:2    | Killed Urug
 17444 | Orc:2    | Noticed Saint Roka
 17596 | Orc:2    | Reached skill level 2 in Air Magic
 17614 | Orc:2    | Found Rutzyscha's Book Shop.
 17624 | Orc:2    | Killed Saint Roka
 17680 | Orc:2    | Found Mejuc's Antique Weapon Shop.
 17757 | Orc:2    | Found Yrreorun's Antique Armour Shop.
 17841 | Orc:2    | Noticed an orc warlord
 17851 | Orc:2    | Killed an orc warlord
 17852 | Orc:2    | Reached skill level 3 in Translocations
 17852 | Orc:2    | Reached skill level 3 in Air Magic
 17964 | Orc:2    | Found a staircase to the Elven Halls.
 18059 | Orc:2    | Found Kumy's General Store.
 18065 | Orc:2    | Bought a scroll of identify for 30 gold pieces
 18436 | Orc:1    | Found Fulostrua's General Store.
 18452 | Orc:1    | Noticed Jorgrun
 18970 | Lair:3   | Reached XP level 14. HP: 108/108 MP: 22/22
 18979 | Lair:3   | Identified the ring of Nalleos {EV+5 SInv}
 18981 | Lair:3   | Identified the +1 scale mail "Qisheus" {Str+3}
 19042 | Lair:3   | Killed Zenkrye's ghost
 19043 | Lair:3   | Reached skill level 3 in Spellcasting
 19154 | Lair:4   | Reached skill level 6 in Fighting
 19445 | D:12     | Killed HilariousDeathArtist's ghost
 19460 | D:12     | Identified a scarf of resistance
 19584 | D:8      | Upgraded the game from 0.30-a0-743-gbfdf073431 to
                  | 0.30-a0-748-ge6a52f7cba
 19653 | Lair:5   | Entered Level 5 of the Lair of Beasts
 19820 | Lair:5   | Reached skill level 12 in Dodging
 19820 | Lair:5   | Reached skill level 4 in Air Magic
 19824 | Lair:5   | Reached skill level 4 in Translocations
 19826 | Lair:5   | Reached skill level 1 in Evocations
 20193 | Lair:5   | Reached skill level 2 in Evocations
 20259 | Lair:5   | Reached skill level 4 in Spellcasting
 20427 | Lair:5   | Identified the +2 chain mail of Precision Catastrophes
                  | {Int+4}
 20672 | Lair:5   | Found the +8 lance "Wyrmbane" {slay drac, rPois rF+ rC+
                  | AC+3}
 20692 | Lair:5   | Got Sif Muna's Compendium of Transformed Tephra
 21212 | D:13     | Reached skill level 5 in Spellcasting
 21212 | D:13     | Reached skill level 4 in Evocations
 21212 | D:13     | Reached XP level 15. HP: 117/117 MP: 24/26
 21375 | D:13     | Reached skill level 5 in Evocations
 21525 | D:13     | Reached skill level 7 in Fighting
 21587 | D:13     | Reached skill level 5 in Translocations
 21599 | D:13     | Noticed Lodul
 21604 | D:13     | Killed Lodul
 22017 | D:13     | Found a gate to the Vaults.
 22122 | D:14     | Found a gate leading to a gauntlet.
 22143 | Gauntlet | Entered a Gauntlet
 22143 | Gauntlet | Found a transporter.
 22143 | Gauntlet | Found a transporter.
 22143 | Gauntlet | Found a runed translucent gate.
 22151 | Gauntlet | Found a transporter.
 22155 | Gauntlet | Found a transporter.
 22163 | Gauntlet | Found a transporter.
 22167 | Gauntlet | Found a transporter.
 22175 | Gauntlet | Found a transporter.
 22191 | Gauntlet | Found a transporter.
 22205 | Gauntlet | Found a transporter.
 22209 | Gauntlet | Found a transporter.
 22211 | Gauntlet | Found a runed translucent door.
 22213 | Gauntlet | Found a runed translucent door.
 22217 | Gauntlet | Found a transporter.
 22221 | Gauntlet | Found a transporter.
 22223 | Gauntlet | Found a runed translucent gate.
 22223 | Gauntlet | Found a runed translucent gate.
 22398 | Gauntlet | Identified the +1 cloak of the Meadowlark {Str+4}
 22440 | Gauntlet | Identified the +0 pair of boots "Nyar" {rN+}
 22567 | Gauntlet | Identified the ring "Lomnocergh" {rElec rF+++ Str+4 Dex-4
                  | SInv}
 22665 | Gauntlet | Got the Anthology of Calescent Venin
 23300 | D:14     | Reached skill level 13 in Dodging
 23404 | D:14     | Reached XP level 16. HP: 113/126 MP: 29/29
 23440 | D:14     | Identified the ring of the Tuna {Wiz Drain rCorr Int+4}
 24002 | D:14     | Got the Commentary on Immolation and Metamorphosis
 24120 | D:15     | Entered Level 15 of the Dungeon
 24139 | D:15     | Reached skill level 6 in Stealth
 24146 | D:15     | Found a portal to a secret trove of treasure.
 24204 | D:15     | Found a staircase to the Depths.
 24230 | D:15     | Identified a +1 buckler of resistance
 24247 | D:15     | Reached skill level 6 in Evocations
 24454 | D:15     | Reached skill level 6 in Spellcasting
 24515 | D:15     | Noticed Agnes
 24522 | D:15     | Killed Agnes
 24523 | D:15     | Reached skill level 6 in Translocations
 24742 | D:15     | Reached skill level 8 in Fighting
 24847 | D:15     | Noticed Roxanne
 25250 | D:15     | Killed Roxanne
 25270 | D:15     | Learned a level 2 spell: Wereblood
 25458 | Orc:1    | HP: 7/128 [constriction (10)]
 25465 | Orc:1    | Killed from afar by Jorgrun

Vanquished Creatures
  Saint Roka (Orc:2)
  Roxanne (D:15)
  Agnes (D:15)
  An orc warlord (Orc:2)
  The ghost of HilariousDeathArtist the Fighter, a journeyman HOEE of Beogh (D:12)
  A minotaur (Gauntlet)
  The ghost of Zenkrye the Basher, a journeyman AtBe of Trog (Lair:3)
  A dire elephant (Lair:4)
  An ettin (D:15)
  2 fire dragons (D:15)
  Fannar (Lair:3)
  An ice dragon (D:13)
  An ogre mage (D:15)
  A catoblepas (Lair:4)
  6 centaur warriors (D:12 D:13 D:14 D:15)
  A death knight (D:15)
  12 hydras (Lair:4 D:11 D:12 Lair:5 D:13)
  9 boulder beetles (D:9 Lair:4 Lair:5 D:14 D:15)
  10 two-headed ogres (D:8 D:10 D:12 D:13 D:15)
  4 tengu warriors (D:14 D:15)
  An orc high priest (Orc:2)
  Urug (Orc:2)
  A fire crab (Lair:4)
  A goliath frog (Lair:5)
  2 deep trolls (D:13 D:15)
  Lodul (D:13)
  A lindwurm (Lair:3)
  A glowing orange brain (Lair:3)
  3 bog bodies (IceCv Lair:3)
  2 wizards (D:15)
  5 orc knights (Orc:2 Orc:1 D:14)
  A phantasmal warrior (D:15)
  A necromancer (D:15)
  2 orc sorcerers (Orc:2)
  5 manticores (Lair:4 D:13 D:14)
  6 cyclopes (D:12 D:13 D:14)
  2 ugly things (D:14 D:15)
  3 large abominations (Gauntlet)
  5 deep elf pyromancers (D:14 D:15)
  A black mamba (shapeshifter) (D:13)
  3 elephants (Lair:1)
  The ghost of Valagong the Chopper, a novice MiFi (D:5)
  4 black mambas (Lair:2 Lair:3 Lair:4)
  An ice statue (IceCv)
  3 gargoyles (Volcano D:12)
  A cane toad (shapeshifter) (D:13)
  19 cane toads (Lair:1 Lair:2 Lair:3 Lair:4 Lair:5)
  A torpor snail (Lair:4)
  2 unseen horrors (D:10 D:12)
  A kobold demonologist (D:11)
  5 rime drakes (Lair:2 Lair:3 Lair:4 Lair:5)
  5 freezing wraiths (IceCv D:14 D:15)
  2 efreet (Volcano D:13)
  9 komodo dragons (D:8 Lair:2 Lair:4 Lair:5)
  An ice devil (IceCv)
  A tengu conjurer (D:15)
  4 tyrant leeches (Lair:5)
  7 hornets (D:8 D:9 D:10 Gauntlet)
  2 polar bears (Lair:2 Lair:4)
  7 trolls (D:5 D:9 D:10 D:11 Orc:2)
  A wind drake (shapeshifter) (D:13)
  2 meliai (D:15)
  A merfolk (shapeshifter) (D:15)
  23 blink frogs (Lair:2 Lair:3 Lair:5 Lair:4)
  Grinder (D:3)
  A centaur simulacrum (D:15)
  5 slime creatures (D:12 Lair:3)
  A vampire (D:12)
  5 wraiths (D:11 D:12 D:15)
  A shadow (D:11)
  A ynoxinul (Gauntlet)
  6 wyverns (D:7 D:8 D:9 Lair:1)
  A fire elemental (Volcano)
  41 yaks (D:10 D:11 Lair:1 Lair:2 Lair:3)
  A golden eye (shapeshifter) (D:13)
  3 basilisks (Lair:3 D:14)
  A basilisk (shapeshifter) (D:15)
  A steam dragon (D:7)
  A redback simulacrum (D:15)
  25 vampire mosquitoes (D:9 D:12 Lair:5 D:13)
  2 death yak simulacra (IceCv)
  A redback (shapeshifter) (D:14)
  2 acid dragons (D:8 D:13)
  18 water moccasins (D:4 D:6 D:7 D:8 Lair:1)
  Duvessa (D:5)
  2 nagas (Lair:3)
  An ice beast (D:5)
  4 black bears (D:8 Lair:1 Lair:3)
  26 orc warriors (D:8 Orc:1 Orc:2 D:15)
  2 boggarts (D:14 D:15)
  14 ogres (D:5 Orc:2 Orc:1 D:13 D:15)
  10 wolves (Lair:2 Lair:4 Lair:5)
  10 centaurs (D:7 D:9 D:11 D:15)
  2 kobold brigands (D:8 D:9)
  Blork the orc (D:5)
  21 bullfrogs (D:7 D:8 Lair:1 Lair:2 Lair:3)
  3 small abominations (Gauntlet)
  3 gnoll sergeants (D:7 D:11 D:12)
  5 cane toad simulacra (IceCv)
  A necrophage (D:5)
  3 scorpions (D:4 D:7 Lair:4)
  3 two-headed ogre simulacra (IceCv)
  3 wights (D:10)
  Dowan (D:5)
  An elephant simulacrum (IceCv)
  8 killer bees (D:5 D:9)
  5 electric eels (D:9 Lair:4)
  A vampire bat (Lair:4)
  13 howler monkeys (D:3 D:4 D:8 D:9 D:10)
  5 jellies (D:5 D:6 Lair:3)
  14 orc priests (Orc:1 Orc:2 D:15)
  7 hounds (D:4 D:5 D:6 D:7)
  2 iron imps (Gauntlet)
  Jessica (D:3)
  An iguana (D:5)
  10 orc wizards (D:3 Orc:2 Orc:1)
  6 spriggan simulacra (IceCv)
  3 troll simulacra (IceCv)
  A killer bee zombie (D:5)
  4 polar bear simulacra (IceCv)
  2 wolf simulacra (IceCv)
  Robin (D:3)
  A howler monkey zombie (D:5)
  17 gnolls (D:6 D:7 D:11 D:12)
  6 naga simulacra (IceCv)
  3 adders (D:2 D:4 D:6)
  5 shadow imps (D:5 D:6 D:7 D:8)
  4 white imps (IceCv)
  7 ufetubi (D:5 IceCv)
  4 worms (D:2 D:3 D:5)
  4 dart slugs (D:1 D:2 D:3 D:4)
  48 orcs (D:3 D:5 D:6 D:8 Orc:1)
  8 endoplasms (D:1 D:2 D:4)
  13 hobgoblins (D:1 D:2 D:3 D:4)
  6 jackals (D:1 D:3)
  11 kobolds (D:1 D:2 D:3 D:8 D:9)
  2 quokkas (D:1 D:3)
  11 ball pythons (D:1 D:2 D:3)
  9 bats (D:3 Lair:4)
  6 frilled lizards (D:1 D:2 D:3)
  20 goblins (D:1 D:2 D:3 D:4 D:10)
  4 rats (D:1 D:2 D:3)
716 creatures vanquished.

Vanquished Creatures (others)
  A white imp (IceCv)
  4 demonic plants (Gauntlet)
  50 fungi (D:8 Lair:1 Lair:2 Lair:3 Lair:5)
  146 plants (D:8 D:9 D:12 Lair:1 Lair:2)
201 creatures vanquished.

Grand Total: 917 creatures vanquished

Table legend: (Time is in decaauts)
 A = Elapsed time spent in this place.
 B = Non-inter-level travel time spent in this place.
 C = Inter-level travel time spent in this place.
 D = Time resting spent in this place.
 E = Time spent auto-exploring this place.
 F = Levels seen in this place.
 G = Mean time per level.
                   A        B        C        D        E       F      G
               +--------+--------+--------+--------+--------+-----+--------+
         Total |  25849 |  22608 |   3241 |   2771 |  14235 |  25 | 1034.0 |
       Dungeon |  15659 |  13411 |   2248 |   1678 |   8952 |  15 | 1043.9 |
          Lair |   6770 |   5973 |    797 |    677 |   3729 |   5 | 1354.0 |
  Orcish Mines |   1820 |   1625 |    195 |    281 |    986 |   2 |  910.0 |
      Ice Cave |    661 |    661 |      0 |    110 |    297 |   1 |  661.0 |
       Volcano |    301 |    301 |      0 |      0 |     64 |   1 |  301.0 |
      Gauntlet |    635 |    635 |      0 |     25 |    207 |   1 |  635.0 |
               +--------+--------+--------+--------+--------+-----+--------+

Top non-repeatable levels by time:
    D:11: 1934 daAuts
  Lair:4: 1735 daAuts
  Lair:3: 1555 daAuts
  Lair:1: 1279 daAuts
     D:5: 1250 daAuts
    D:15: 1200 daAuts
    D:14: 1137 daAuts
  Lair:5: 1131 daAuts
     D:9: 1106 daAuts
  Lair:2: 1068 daAuts
    D:12: 1046 daAuts
     D:4: 1045 daAuts
   Orc:2: 1038 daAuts
    D:10: 1009 daAuts
     D:3: 977 daAuts

Table legend:
 A = Non-vault XP
 B = Vault XP
 C = Vault XP percentage of total XP
 D = Non-vault monster count
 E = Vault monster count
 F = Vault count percentage of total count
                 A         B        C        D         E       F
            +---------+---------+-------+---------+---------+-------
      Total |   80046 |   75560 |  48.6 |     423 |     294 |  41.0
            +---------+---------+-------+---------+---------+-------
        D:1 |      45 |       0 |   0.0 |      25 |       0 |   0.0
        D:2 |      53 |       9 |  14.5 |      21 |       3 |  12.5
        D:3 |     121 |     346 |  74.1 |      21 |      16 |  43.2
        D:4 |     400 |       0 |   0.0 |      11 |       0 |   0.0
        D:5 |    1120 |     809 |  41.9 |      18 |       6 |  25.0
        D:6 |     210 |     151 |  41.8 |      10 |       1 |   9.1
        D:7 |    1150 |       0 |   0.0 |      16 |       0 |   0.0
        D:8 |    1824 |     697 |  27.6 |      12 |       4 |  25.0
        D:9 |    2987 |     159 |   5.1 |      20 |       3 |  13.0
       D:10 |    3621 |       4 |   0.1 |      16 |       2 |  11.1
       D:11 |    3264 |     866 |  21.0 |      27 |       1 |   3.6
       D:12 |    7721 |    1814 |  19.0 |      26 |       2 |   7.1
       D:13 |    6553 |    3943 |  37.6 |      15 |      12 |  44.4
       D:14 |    2732 |    7528 |  73.4 |       5 |      15 |  75.0
       D:15 |   12791 |   14537 |  53.2 |      23 |      37 |  61.7
     Lair:1 |    4515 |       0 |   0.0 |      19 |       0 |   0.0
     Lair:2 |    6682 |       0 |   0.0 |      30 |       0 |   0.0
     Lair:3 |    5493 |    4444 |  44.7 |      21 |      12 |  36.4
     Lair:4 |    5525 |   11117 |  66.8 |      21 |      33 |  61.1
     Lair:5 |    8039 |   10345 |  56.3 |      20 |      37 |  64.9
      Orc:1 |    1546 |      18 |   1.2 |      18 |       6 |  25.0
      Orc:2 |    3654 |    9204 |  71.6 |      28 |      39 |  58.2
      IceCv |       0 |    4200 | 100.0 |       0 |      48 | 100.0
    Volcano |       0 |    1341 | 100.0 |       0 |       4 | 100.0
   Gauntlet |       0 |    4028 | 100.0 |       0 |      13 | 100.0
            +---------+---------+-------+---------+---------+-------
